 Dungeon Crawl Stone Soup version 0.27.1-34-g3ba077fa99 (webtiles) character file.

Game seed: 289136972544175989

9065 safid the Severer (level 11, -2/84 HPs)
             Began as a Hill Orc Fighter on Jan 14, 2022.
             Was an Initiate of Beogh.
             Slain by a two-headed ogre (7 damage)
             ... on level 10 of the Dungeon.
             The game lasted 00:26:58 (13308 turns).

safid the Severer (Hill Orc Fighter)               Turns: 13308, Time: 00:26:59

Health: -2/84      AC: 15    Str: 23    XL:     11   Next: 40%
Magic:  0/11       EV:  6    Int:  8    God:    Beogh [......]
Gold:   659        SH: 13    Dex: 10    Spells: 10/10 levels left

rFire    . . .     SeeInvis .   a - +0 war axe
rCold    + . .     Faith    .   c - +0 kite shield
rNeg     . . .     Spirit   +   I - +0 plate armour
rPois    .         Reflect  .   (no helmet)
rElec    .         Harm     .   u - +0 cloak
rCorr    .         Rampage  .   J - +0 pair of gloves
Will     +....                  v - +0 pair of boots
Stlth    ..........             x - amulet of guardian spirit
HPRegen  0.24/turn              e - ring of willpower
MPRegen  0.12/turn              z - ring of protection from cold

@: no status effects
A: no striking features
a: Renounce Religion


You were on level 10 of the Dungeon.
You worshipped Beogh.
Beogh was noncommittal.
You visited 2 branches of the dungeon, and saw 13 of its levels.
You also visited: Ossuary and Volcano.

You collected 659 gold pieces.

Inventory:

Hand Weapons
 a - a +0 war axe (weapon)
Missiles
 f - 3 throwing nets
 i - 9 poisoned darts (quivered)
 G - 5 silver boomerangs
 Q - 3 javelins
Armour
 c - a +0 kite shield (worn)
 u - a +0 cloak (worn)
 v - a +0 pair of boots (worn)
 I - a +0 plate armour (worn)
 J - a +0 pair of gloves (worn)
Jewellery
 e - a ring of willpower (left hand)
 w - a ring of positive energy
 x - an amulet of guardian spirit (around neck)
 z - a ring of protection from cold (right hand)
Wands
 b - a wand of iceblast (9)
 o - a wand of flame (63)
 B - a wand of acid (9)
 D - a wand of digging (4)
 L - a wand of polymorph (21)
 O - a wand of paralysis (5)
Scrolls
 g - a scroll of fog
 h - a scroll of enchant armour
 n - a scroll of summoning {unknown}
 s - a scroll of magic mapping
 t - 6 scrolls of teleportation
 y - a scroll of enchant weapon {unknown}
 A - a scroll of blinking {unknown}
 C - a scroll of acquirement {unknown}
 F - a scroll of noise {unknown}
 K - a scroll of immolation {unknown}
Potions
 d - 2 potions of might
 j - a potion of flight {unknown}
 k - 2 potions of berserk rage
 l - 4 potions of haste
 m - a potion of curing
 p - a potion of mutation {unknown}
 q - 2 potions of heal wounds
 r - a potion of ambrosia {unknown}
 E - 2 potions of lignification
 H - a potion of brilliance {unknown}
 M - a potion of magic {unknown}
 N - a potion of cancellation {unknown}
Miscellaneous
 P - a tin of tremorstones (2/2)


   Skills:
 - Level 4.0 Fighting
 + Level 15.2 Axes
 - Level 4.0 Armour
 + Level 13.3 Shields


You had 10 spell levels left.
You didn't know any spells.
Your spell library contained the following spells:

 Spells                   Type           Power      Damage    Failure   Level
 Summon Small Mammal      Summ           0%         N/A       100%        1
 Call Canine Familiar     Summ           0%         N/A       100%        3
 Frozen Ramparts          Ice            0%         1d2       100%        3
 Summon Guardian Golem    Hex/Summ       0%         N/A       100%        3
 Airstrike                Air            0%         N/A       100%        4
 Ice Form                 Ice/Tmut       0%         N/A       100%        4
 Summon Ice Beast         Ice/Summ       0%         N/A       100%        4
 Summon Lightning Spire   Summ/Air       0%         N/A       100%        4
 Lightning Bolt           Conj/Air       0%         1d11      100%        5
 Summon Forest            Summ/Tloc      0%         N/A       100%        5
 Eringya's Noxious Bog    Tmut/Pois      0%         N/A       100%        6
 Summon Hydra             Summ           0%         N/A       100%        7


Dungeon Overview and Level Annotations

Branches:
Dungeon (11/15)            Temple (0/1) D:4            Lair (2/6) D:9
    Orc (0/2) D:10        Ossuary (visited)         Volcano (visited)
  Swamp: Lair:2-4    Shoals: Lair:2-4     Snake: Lair:2-4    Spider: Lair:2-4

Altars:
Ashenzari
Nemelex Xobeh
Trog
Xom
Yredelemnul
The Shining One

Annotations:
D:3 1 runed translucent door, Reiki212's ghost, amateur HOFi
D:7 3 runed translucent doors, CryptoCactus's ghost, novice GnWr


Message History

You slash the two-headed ogre!
The shadow slips into darkness.
The shadow flickers and vanishes!
Deactivating autopickup; reactivate with Ctrl-A.
You slash the two-headed ogre!
The two-headed ogre is moderately wounded.
You closely miss something. You block the two-headed ogre's attack.
The two-headed ogre hits you with a +0 giant spiked club!
The shadow strikes at you from the darkness!
Reactivating autopickup.
You hit the shadow but do no damage.
The shadow is severely damaged.
You slash the two-headed ogre! You slash the shadow!
You destroy the shadow!
Beogh accepts your kill.
You hit the two-headed ogre but do no damage.
A wraith comes into view.
You block the two-headed ogre's attack. x2
You slash the two-headed ogre!
The two-headed ogre is heavily wounded.
You barely miss the two-headed ogre.
The two-headed ogre is heavily wounded.
You block the two-headed ogre's attack.
The two-headed ogre hits you with a +0 giant spiked club!!
A wraith comes into view.
There is a stone staircase leading up here.
The two-headed ogre hits you with a +0 giant spiked club!!
* * * LOW HITPOINT WARNING * * *
The two-headed ogre hits you with a +0 giant spiked club!
* * * LOW HITPOINT WARNING * * *
You climb upwards.
There is a stone staircase leading down here.
Okay, then.
You feel much better.
The two-headed ogre hits you with a +0 giant spiked club!!
* * * LOW HITPOINT WARNING * * *
You block the two-headed ogre's attack.
The two-headed ogre hits you with a +0 giant spiked club!
You die...

############### #
#.............# #
#.............# #
####......<.@O...############
#....########................
#....#......#................
#....#......#................
#....'......#........>.......
#....##'#####................
#....................).......
#......>........#######......
#...#########...# #......


You could see a two-headed ogre.

Vanquished Creatures
  Erolcha (D:9)
  A two-headed ogre (D:10)
  3 komodo dragons
  3 blink frogs (Lair:1)
  3 shadows
  3 wyverns
  2 vampires (D:11)
  4 yaks (D:7)
  Grum (D:9)
  5 wargs
  A hell hound (Volcano)
  4 water moccasins
  An acid dragon (D:9)
  2 orc warriors (D:9)
  2 ice beasts
  A sky beast (D:8)
  An ogre (D:4)
  3 wolves (D:9)
  3 centaurs
  5 bullfrogs
  An elf zombie (D:7)
  5 scorpions
  An elf skeleton (D:7)
  A gnoll sergeant (D:10)
  4 water moccasin zombies
  10 killer bees
  A centaur zombie (D:9)
  5 hounds
  A centaur skeleton (D:4)
  Terence (D:2)
  4 human skeletons (D:7)
  5 orc wizards
  2 mummies (Ossuary)
  10 gnolls
  8 adders
  A shadow imp (D:7)
  An ufetubus (D:5)
  10 adder zombies
  2 adder skeletons (D:4)
  2 worms
  4 dart slugs
  22 orcs
  4 bats
  3 endoplasms
  5 giant cockroaches
  5 gnoll zombies (Ossuary)
  6 goblins
  7 hobgoblins
  5 jackals (D:1)
  5 quokkas
  2 ball pythons
  14 frilled lizards
  3 hobgoblin zombies (Ossuary)
  4 kobolds
  5 kobold zombies (Ossuary)
  3 orc skeletons (D:7)
  9 orc zombies
  6 rats
236 creatures vanquished.

Vanquished Creatures (others)
  An orc priest (D:9)
  A hound skeleton (D:4)
  2 fungi (D:7)
  A plant (Lair:1)
5 creatures vanquished.

Grand Total: 241 creatures vanquished

Notes
Turn   | Place    | Note
-------+----------+-------------------------------------------
     0 | D:1      | safid the Hill Orc Fighter began the quest for the Orb.
     0 | D:1      | Reached XP level 1. HP: 19/19 MP: 1/1
   300 | D:1      | Reached skill level 3 in Axes
   300 | D:1      | Reached XP level 2. HP: 27/27 MP: 2/2
   352 | D:1      | Found a faded altar of an unknown god.
   639 | D:1      | Reached XP level 3. HP: 33/33 MP: 3/3
  1255 | D:2      | Reached XP level 4. HP: 36/40 MP: 4/4
  1461 | D:2      | Reached skill level 4 in Axes
  1501 | D:2      | Noticed Terence
  1508 | D:2      | Killed Terence
  1801 | D:2      | Reached XP level 5. HP: 43/46 MP: 5/5
  2109 | D:3      | Reached skill level 5 in Axes
  2352 | D:3      | Noticed an ice beast
  2376 | D:3      | Killed an ice beast
  2377 | D:3      | Reached skill level 5 in Shields
  2377 | D:3      | Reached XP level 6. HP: 14/52 MP: 6/6
  2702 | D:3      | Found a runed translucent door.
  2703 | D:3      | Noticed Reiki212's ghost (amateur HOFi)
  2914 | D:4      | Found a broken altar of Ashenzari.
  2939 | D:4      | Reached skill level 6 in Axes
  3526 | D:4      | Reached XP level 7. HP: 59/59 MP: 7/7
  3578 | D:4      | Found a staircase to the Ecumenical Temple.
  3709 | D:4      | Reached skill level 7 in Axes
  3874 | D:4      | Found a glowing golden altar of the Shining One.
  3874 | D:4      | Found a basalt altar of Yredelemnul.
  4221 | D:4      | Found a shimmering altar of Xom.
  4321 | D:4      | Noticed a profane servitor
  4329 | D:4      | Noticed an angel
  4371 | D:5      | Entered Level 5 of the Dungeon
  4465 | D:5      | You fall into a shaft and drop 1 floor!
  4594 | D:5      | Reached skill level 8 in Axes
  4941 | D:5      | Reached XP level 8. HP: 65/66 MP: 8/8
  5874 | D:7      | Reached skill level 9 in Axes
  5886 | D:7      | Found a sand-covered staircase.
  5891 | Ossuary  | Entered an ossuary
  6307 | D:7      | Reached skill level 10 in Axes
  6321 | D:7      | Reached XP level 9. HP: 24/71 MP: 6/9
  6727 | D:7      | Reached skill level 11 in Axes
  6745 | D:7      | Reached skill level 10 in Shields
  7191 | D:7      | Found a runed translucent gate.
  7195 | D:7      | Found a runed translucent gate.
  7198 | D:7      | Found a runed translucent gate.
  7203 | D:7      | Noticed CryptoCactus's ghost (novice GnWr)
  7520 | D:8      | Found a bloodstained altar of Trog.
  7927 | D:8      | Reached skill level 12 in Axes
  8740 | D:9      | Noticed Grum
  8753 | D:9      | Reached XP level 10. HP: 59/78 MP: 7/10
  8758 | D:9      | Killed Grum
  8935 | D:9      | Noticed Erolcha
  8970 | D:9      | Became a worshipper of Beogh the Brigand
  9514 | D:9      | Reached skill level 13 in Axes
  9804 | D:9      | Found a staircase to the Lair.
 10077 | D:9      | Killed Erolcha
 10289 | Lair:1   | Entered Level 1 of the Lair of Beasts
 10356 | Lair:1   | Reached skill level 14 in Axes
 10688 | Lair:1   | Found a dark tunnel.
 10754 | Volcano  | Entered a volcano
 10847 | Volcano  | Reached XP level 11. HP: 76/84 MP: 8/11
 10920 | Lair:1   | Noticed a five-headed hydra
 11025 | Lair:2   | Noticed a four-headed hydra
 11387 | D:10     | Entered Level 10 of the Dungeon
 11535 | D:10     | Found a sparkling altar of Nemelex Xobeh.
 11605 | D:10     | Found a staircase to the Orcish Mines.
 12006 | D:10     | Noticed a two-headed ogre
 12017 | D:10     | Killed a two-headed ogre
 12017 | D:10     | Reached * piety under Beogh
 12240 | D:10     | Reached skill level 15 in Axes
 13283 | D:11     | Noticed a two-headed ogre
 13295 | D:11     | HP: 2/84 [two-headed ogre (13)]
 13308 | D:10     | Slain by a two-headed ogre

Illustrated notes

Levels and vault maps discovered:
D:1:      lemuel_arrival_behind_the_door_small, layout_loops_ring,
          serial_aquarium, aquarium_bridge_straight [aquarium_subvault_bridge,
          aquarium_subvault_balcony, aquarium_subvault_bridge,
          aquarium_subvault_wall], aquarium_bridge_island_small
          [aquarium_subvault_small_open, aquarium_subvault_window,
          aquarium_subvault_bridge, aquarium_subvault_window,
          aquarium_subvault_window], aquarium_window_1, aquarium_window_fake,
          aquarium_window_1, aquarium_window_2, aquarium_view_2d,
          aquarium_view_2e, aquarium_balcony_3b,
          ebering_ecumenical_altar_abandoned, amethyst_killhole
D:2:      layout_rooms, dk_vineyard_1, minmay_lizard_pond, uniq_terence
D:3:      layout_loops_ring, ebering_ghost_reflecting_pool
D:4:      layout_basic, grunt_temple_overflow_holy_war,
          mainiacjoe_overflow_small_starburst, tgw_xom, temple_green,
          chequers_serial_rivers_micro_c
D:5:      layout_loops_ring, kennysheep_path_1
D:6:      layout_loops_ring, kennysheep_generic_room_11
D:7:      layout_rooms, nicolae_ossuary_entry_catacombs,
          gammafunk_ghost_nasty_kobolds
D:8:      layout_loops_corners, kennysheep_mini
D:9:      layout_basic, erik_lair_orcish_takeover, uniq_grum, uniq_erolcha
D:10:     layout_irregular_city, lemuel_round_altar, minmay_orc_entry_guard_dogs
D:11:     layout_gridville, disabler_island
Lair:1:   layout_loops_ring, nicolae_volcano_entry_hallway, st_stairs_6,
          grunt_megastairs_3, serial_bayou_shore_a, uniq_erica
Lair:2:   layout_cave_shapes, nicolae_spider_entry_tight_spaces,
          chequers_serial_rivers_large_a, nicolae_quartered_pool_super,
          uniq_fannar

Skill      XL: |  1  2  3  4  5  6  7  8  9 10 11 |
---------------+----------------------------------+-----
Axes           | 3 4 5 6 8 10 12 14 15 | 15.2
Fighting       | 4 |  4.0
Armour         | 4 |  4.0
Shields        | 4 5 6 7 9 10 12 13 | 13.3

Action                   |  1- 3 |  4- 6 |  7- 9 | 10-12 || total
-------------------------+-------+-------+-------+-------++-------
Melee: War axe           |    92 |   168 |   532 |   372 ||  1164
Throw: Throwing net      |       |       |     1 |       ||     1
       Dart              |       |       |       |    30 ||    30
Invok: Convert to Beogh  |       |       |       |     1 ||     1
Evoke: Wand              |       |     3 |       |       ||     3
  Use: Scroll            |       |       |    11 |     3 ||    14
       Potion            |       |       |     3 |     3 ||     6
Armor: Scale mail        |    57 |    88 |    51 |       ||   196
       Plate armour      |       |       |   221 |   129 ||   350
Dodge: Dodged            |    30 |    55 |    79 |    59 ||   223
Block: Kite shield       |    56 |   105 |   279 |   211 ||   651
